AoeStats
← CazadorGT

Lombardia

510117457Analyzed
4v4 RM · 2d ago on Sep 29, 2026· 35m 3s· 8 players
Game mode
Random Map
Map size
Large (8 player)
Population
200
Speed
Normal
Resources
Standard
Victory
Conquest
Starting age
Dark Age
Ending age
Imperial Age
RankedLock teamsTeams togetherTeam positionsShared explorationLock speedFull tech treeHidden civsTurbo modeCheats
Victory
Defeat
🇻🇳 Danes · Vietnam
1296
+10
🇮🇳 Khitans · India
1150
+16
🇬🇹 Italians · Guatemala
1148
+16
🇧🇷 Persians · Brazil
935
+25
🇯🇵 Varangians · Japan
1171
-18
🇭🇰 Teutons · Hong Kong SAR China
1171
-18
🇦🇺 Mongols · Australia
1152
-17
🇭🇰 Vietnamese · Hong Kong SAR China
1080
-14
DreamStolen
11:01 Feudal Age
16:01 Castle Age
15:07 Horse Collar
19:06 Fletching
23:48 Double-Bit Axe
26:24 Wheelbarrow
26:16 Heavy Plow
26:29 Bow Saw
26:30 Padded Archer Armor
27:48 Hand Cart
28:19 Bodkin Arrow
35:38 Imperial Age
34:16 Padded Archer Armor
建興法師
7:21 Loom
12:00 Feudal Age
16:16 Castle Age
14:26 Double-Bit Axe
15:08 Horse Collar
17:14 Bow Saw
19:08 Fletching
18:40 Crossbowman
19:57 Padded Archer Armor
25:52 Bodkin Arrow
26:50 Leather Archer Armor
26:58 Ballistics
35:09 Imperial Age
33:21 Wheelbarrow
伐伐伐伐伐木工
11:29 Feudal Age
12:38 Double-Bit Axe
15:24 Castle Age
13:21 Horse Collar
15:24 Bloodlines
16:25 Bow Saw
17:46 Loom
21:12 Wheelbarrow
22:54 Scale Barding Armor
23:01 Forging
23:59 Gold Mining
25:16 Chain Barding Armor
27:57 Iron Casting
29:36 Hand Cart
纸火
6:47 Loom
9:16 Feudal Age
11:23 Double-Bit Axe
11:46 Horse Collar
13:30 Bloodlines
22:26 Castle Age
21:47 Wheelbarrow
20:58 Town Watch
22:28 Gold Mining
25:13 Bow Saw
25:04 Heavy Plow
24:56 Stone Mining
28:49 Stone Shaft Mining
36:50 Imperial Age
34:23 Husbandry
CazadorGT
8:08 Loom
10:26 Feudal Age
12:08 Double-Bit Axe
13:26 Fletching
20:31 Castle Age
18:45 Padded Archer Armor
18:47 Horse Collar
20:52 Crossbowman
21:28 Bodkin Arrow
22:02 Bow Saw
21:54 Heavy Plow
23:30 Leather Archer Armor
24:52 Wheelbarrow
27:56 Gold Mining
32:07 Imperial Age
31:02 Ballistics
34:06 Chemistry
33:10 Bracer
32:33 Arbalester
35:15 Ring Archer Armor
NickSturzz
7:34 Loom
9:46 Feudal Age
10:23 Double-Bit Axe
19:34 Scale Barding Armor
20:51 Domestication
21:56 Wheelbarrow
24:16 Castle Age
22:59 Forging
22:54 Gold Mining
23:05 Gold Mining
25:51 Chain Barding Armor
24:53 Light Cavalry
26:02 Husbandry
27:03 Bow Saw
31:01 Iron Casting
30:16 Fletching
31:44 Fletching
33:33 Town Watch
filipellopes
6:46 Loom
9:32 Feudal Age
11:35 Double-Bit Axe
15:19 Scale Barding Armor
16:54 Forging
21:46 Castle Age
20:42 Bloodlines
20:52 Horse Collar
22:32 Husbandry
22:56 Chain Barding Armor
23:39 Bow Saw
24:18 Heavy Plow
27:44 Iron Casting
30:22 Gold Mining
32:02 Gold Shaft Mining
32:23 Wheelbarrow
34:59 Hand Cart
Griffinmst1
8:45 Loom
10:42 Feudal Age
15:05 Castle Age
13:44 Double-Bit Axe
13:40 Horse Collar
15:42 Scale Mail Armor
15:51 Gold Mining
16:28 Squires
17:02 Chain Mail Armor
19:45 Wheelbarrow
19:40 Arson
21:56 Forging
23:30 Iron Casting
24:33 Bow Saw
27:21 Stone Mining
28:35 Hand Cart
36:23 Imperial Age
Connection lost

Rejoining the realm…

Still unreachable

The connection could not be restored.

Session expired

The server has moved on; the page needs a fresh start.